AoeStats
← Reis

Hill Fort

505944896Analyzed
4v4 RM · 22d ago on Sep 11, 2026· 27m 19s· 8 players
Game mode
Random Map
Map size
Large (8 player)
Population
200
Speed
Normal
Resources
Standard
Victory
Conquest
Starting age
Dark Age
Ending age
Imperial Age
RankedLock teamsTeams togetherTeam positionsShared explorationLock speedFull tech treeHidden civsTurbo modeCheats
Victory
Defeat
🇹🇷 Hindustanis · Türkiye
1427
+12
🇹🇷 Spanish · Türkiye
1355
+15
🇹🇷 Tatars · Türkiye
1348
+15
🇨🇳 Berbers · China
1344
+15
🇨🇭 Bulgarians · Switzerland
1364
-15
🇹🇷 Japanese · Türkiye
1339
-15
🇮🇳 Britons · India
1335
-14
🇷🇺 Slavs · Russia
1290
-13
Reis
10:21 Feudal Age
13:18 Loom
16:20 Castle Age
15:20 Double-Bit Axe
15:57 Horse Collar
17:26 Fletching
17:42 Scale Barding Armor
18:18 Forging
TheDangerous
7:14 Loom
10:14 Feudal Age
16:05 Castle Age
14:41 Horse Collar
15:02 Double-Bit Axe
18:49 Heavy Plow
22:20 Bow Saw
24:34 Fletching
25:06 Gold Mining
26:10 Wheelbarrow
27:12 Bodkin Arrow
sybertuk
11:16 Feudal Age
13:35 Loom
16:55 Castle Age
14:53 Double-Bit Axe
14:53 Horse Collar
19:58 Wheelbarrow
20:29 Bow Saw
21:21 Heavy Plow
22:07 Town Watch
23:25 Hand Cart
23:25 Stone Mining
23:27 Gold Mining
twelve
2:09 Loom
11:32 Feudal Age
15:26 Castle Age
13:57 Horse Collar
16:28 Wheelbarrow
16:50 Heavy Plow
22:01 Squires
22:53 Double-Bit Axe
25:56 Forging
25:47 Scale Mail Armor
waLLefps.
11:22 Feudal Age
13:21 Loom
15:36 Castle Age
14:03 Loom
15:10 Double-Bit Axe
15:06 Horse Collar
16:35 Bow Saw
16:27 Heavy Plow
20:57 Wheelbarrow
20:23 Town Watch
20:32 Town Watch
23:33 Gold Mining
24:38 Fletching
24:49 Padded Archer Armor
26:00 Bodkin Arrow
klostrofobikköstebek
10:37 Feudal Age
14:32 Castle Age
13:23 Double-Bit Axe
13:36 Loom
13:53 Horse Collar
16:03 Bow Saw
16:50 Heavy Plow
18:46 Wheelbarrow
21:44 Hand Cart
27:31 Imperial Age
25:22 Padded Archer Armor
25:14 Fletching
25:45 Gold Mining
25:45 Stone Mining
27:39 Leather Archer Armor
27:21 Bodkin Arrow
Yokolucu
11:01 Feudal Age
16:09 Castle Age
15:09 Double-Bit Axe
15:11 Horse Collar
20:49 Bow Saw
赶鹿王12
10:24 Feudal Age
16:07 Castle Age
14:27 Double-Bit Axe
14:49 Horse Collar
18:20 Bow Saw
18:21 Heavy Plow
20:00 Wheelbarrow
22:10 Pikeman
22:53 Scale Mail Armor
23:03 Forging
24:08 Gold Mining
26:16 Hand Cart
25:49 Loom
25:50 Town Watch
Connection lost

Rejoining the realm…

Still unreachable

The connection could not be restored.

Session expired

The server has moved on; the page needs a fresh start.